 Seeded DCSS version 0.27-a0-1184-ge86db4a01e (webtiles) character file.

Game seed: 17096410992567606746 (custom seed)

1537 dduke234 the Covert (level 8, -2/42 HPs)
             Began as a Spriggan Monk on May 18, 2021.
             Was a Follower of Uskayaw.
             Slain by a black bear (4 damage)
             ... on level 6 of the Dungeon on May 25, 2021.
             The game lasted 00:12:32 (7788 turns).

dduke234 the Covert (Spriggan Monk)                 Turns: 7788, Time: 00:12:32

Health: -2/42      AC:  5    Str:  7    XL:     8   Next: 56%
Magic:  26/27      EV: 22    Int: 12    God:    Uskayaw [*.....]
Gold:   808        SH:  0    Dex: 19    Spells: 7/7 levels left

rFire    . . .     SeeInvis +   a - +3 short sword
rCold    . . .     Faith    .   (shield restricted)
rNeg     . . .     Spirit   .   b - +1 robe
rPois    .         Reflect  .   (helmet restricted)
rElec    .         Harm     .   (no cloak)
rCorr    .         Rampage  .   (gloves unavailable)
Will     +....                  (boots unavailable)
Stlth    ++++......             (no amulet)
HPRegen  0.14/turn              c - ring of magical power
MPRegen  0.20/turn              d - ring of magical power

@: very quick
A: very small, no large weapons, unfitting armour, see invisible, speed 3,
talons 1, iridescent scales 1
a: Renounce Religion, Stomp


You were on level 6 of the Dungeon.
You worshipped Uskayaw.
Uskayaw was noncommittal.
You visited 1 branch of the dungeon, and saw 7 of its levels.
You also visited: Sewer.

You collected 808 gold pieces.

Inventory:

Hand Weapons
 a - a +3 short sword (weapon)
Missiles
 q - 2 throwing nets (quivered)
Armour
 b - a +1 robe (worn)
Magical Staves
 r - a staff of fire
Jewellery
 c - a ring of magical power (left hand)
 d - a ring of magical power (right hand)
 j - a ring of protection from fire
Wands
 f - a wand of digging (6)
 k - a wand of paralysis (10)
Scrolls
 g - 4 scrolls of teleportation
Potions
 e - a potion of haste
 h - a potion of flight
 m - 2 potions of might


   Skills:
 * Level 4.3 Fighting
 * Level 8.1 Short Blades
 * Level 7.7 Dodging
 * Level 8.4 Stealth


You had 7 spell levels left.
You didn't know any spells.
Your spell library contained the following spells:

 Spells                   Type           Power      Damage    Failure   Level
 Animate Skeleton         Necr           0%         N/A       32%         1
 Foxfire                  Conj/Fire      0%         2x1d4     32%         1
 Pain                     Necr           0%         1d4       32%         1
 Sting                    Tmut/Pois      0%         1d3       32%         1
 Poisonous Vapours        Pois/Air       0%         N/A       45%         2
 Confusing Touch          Hex            0%         N/A       69%         3
 Conjure Flame            Conj/Fire      0%         6-21      69%         3
 Gell's Gravitas          Tloc           0%         N/A       69%         3
 Ignite Poison            Fire/Tmut/Pois 0%         N/A       69%         3
 Inner Flame              Hex/Fire       0%         N/A       69%         3
 Mephitic Cloud           Conj/Pois/Air  0%         N/A       69%         3
 Vampiric Draining        Necr           0%         2d6       69%         3
 Animate Dead             Necr           0%         N/A       97%         4
 Olgreb's Toxic Radiance  Pois           0%         N/A       97%         4
 Petrify                  Tmut/Erth      0%         N/A       97%         4
 Sticky Flame             Conj/Fire      0%         2d3       97%         4
 Agony                    Necr           0%         N/A       100%        5
 Fireball                 Conj/Fire      0%         3d3       100%        5
 Metabolic Englaciation   Hex/Ice        0%         N/A       100%        5
 Yara's Violent Unravell  Hex/Tmut       0%         3d3       100%        5


Dungeon Overview and Level Annotations

Branches:
Dungeon (7/15)              Sewer (visited)
 Temple: D:4-7

Altars:
Dithmenos
Okawaru
Sif Muna
Trog
Uskayaw


Innate Abilities, Weirdness & Mutations

You are very small and have problems with some larger weapons.
You are too small for most types of armour.
You have supernaturally acute eyesight. (SInv)
You cover ground extremely quickly. (Speed+++)
You have sharp toenails.
You are partially covered in iridescent scales. (AC +2)


Message History

The orc wizard casts a spell at you. The magic dart hits you.
You hit the white imp.
The white imp is almost dead.
The white imp gestures at you. The puff of frost hits you.
* * * LOW HITPOINT WARNING * * *
The orc wizard completely misses you.
As you read the scroll of fog, it crumbles to dust.
The scroll dissolves into smoke.
The orc wizard casts a spell at you. The puff of flame hits you.
* * * LOW HITPOINT WARNING * * *
The white imp closely misses you.
You closely miss the white imp. You claw the white imp.
You kill the white imp!
The orc wizard hits you but does no damage.
You can now stomp with the beat.
The gnoll shouts!
You hear an angry growl.
The orc wizard barely misses you.
The gnoll shouts!
Things that are here:
a +0 flail; an orc corpse You closely miss the orc wizard.
You claw the orc wizard, but do no damage.
The orc wizard is moderately wounded.
You hear a shout!
The orc wizard points at itself and mumbles some strange words.
The orc wizard flickers and vanishes for a moment.
You hit the orc wizard.
You claw the orc wizard, but do no damage.
The orc wizard is heavily wounded.
The gnoll hits you with a +3 whip.
* * * LOW HITPOINT WARNING * * *
You hit the orc wizard.
The orc wizard is almost dead.
The orc wizard hits you but does no damage.
The gnoll misses you.
The black bear completely misses you. x2
The black bear claws you.
You die...

..$.#.. .##.##
.#..# ...# ..##
. #§§# g.. #§§#
#..#
##§h#§§..##
#§o@gg.....
.....§§####....
#####§## .. #..
#.. #.# .. #.


You could see a black bear, an orc wizard (invisible) and 2 gnolls.

Vanquished Creatures
  Maggie (D:7)
  An acid dragon (D:5)
  A black bear (D:4)
  A necrophage (D:6)
  An ogre (D:5)
  2 phantoms
  3 kobold brigands (Sewer)
  Blork the orc (D:4)
  A scorpion (D:5)
  A water moccasin skeleton (D:5)
  A centaur zombie (D:5)
  A hound (D:5)
  An iguana (D:5)
  An orc wizard (D:4)
  A hound zombie (D:5)
  A howler monkey zombie (D:6)
  12 adders
  A white imp (D:6)
  An adder zombie (D:5)
  An adder skeleton (D:4)
  4 worms
  2 dart slugs (D:1)
  4 orcs
  13 endoplasms
  2 giant cockroaches
  5 goblins
  5 hobgoblins
  4 jackals (D:3)
  11 kobolds
  A quokka (D:3)
  14 ball pythons
  2 bats (D:2)
  7 frilled lizards
  7 rats
115 creatures vanquished.

Vanquished Creatures (others)
  2 plants (D:3)
2 creatures vanquished.

Grand Total: 117 creatures vanquished

Notes
Turn   | Place    | Note
-------+----------+-------------------------------------------
     0 | D:1      | dduke234 the Spriggan Monk began the quest for the Orb.
     0 | D:1      | Reached XP level 1. HP: 11/11 MP: 2/2
    89 | D:1      | Found a faded altar of an unknown god.
   103 | D:1      | Became a worshipper of Uskayaw the Reveller
   103 | D:1      | Reached * piety under Uskayaw
   103 | D:1      | Reached ** piety under Uskayaw
   461 | D:1      | Identified a scroll of acquirement
   461 | D:1      | Acquired 619 gold pieces
   549 | D:1      | Reached XP level 2. HP: 16/16 MP: 3/3
  1472 | D:2      | Reached *** piety under Uskayaw
  1744 | D:2      | Reached XP level 3. HP: 15/19 MP: 4/4
  2145 | D:2      | Gained mutation: You have sharp toenails. [potion of
                  | mutation]
  2145 | D:2      | Gained mutation: You are partially covered in iridescent
                  | scales. (AC +2) [potion of mutation]
  2568 | D:3      | Reached XP level 4. HP: 23/23 MP: 5/5
  2636 | D:3      | Found a shimmering blue altar of Sif Muna.
  2639 | D:3      | Found a bloodstained altar of Trog.
  2641 | D:3      | Found a shadowy altar of Dithmenos.
  2908 | D:3      | Reached skill level 5 in Dodging
  3424 | D:3      | You fall into a shaft and drop 3 floors!
  3424 | D:6      | Noticed a black bear
  3472 | D:5      | Entered Level 5 of the Dungeon
  3475 | D:5      | Noticed an ogre
  3488 | D:5      | Killed an ogre
  3489 | D:5      | Reached skill level 5 in Stealth
  3489 | D:5      | Reached XP level 5. HP: 18/28 MP: 6/6
  3618 | D:4      | Noticed a black bear
  3673 | D:4      | Killed a black bear
  3674 | D:4      | Reached skill level 5 in Short Blades
  3674 | D:4      | Reached XP level 6. HP: 13/32 MP: 7/7
  3676 | D:4      | Reached **** piety under Uskayaw
  4193 | D:4      | Found a glowing drain.
  4213 | Sewer    | Entered a sewer
  5243 | Sewer    | Reached XP level 7. HP: 23/36 MP: 8/8
  5841 | D:4      | Noticed Blork the orc
  5858 | D:4      | Killed Blork the orc
  6893 | D:5      | Reached XP level 8. HP: 33/42 MP: 9/9
  7503 | D:6      | You fall into a shaft and drop 1 floor!
  7503 | D:7      | Found an iron altar of Okawaru.
  7503 | D:7      | Noticed Maggie
  7516 | D:7      | Killed Maggie
  7787 | D:6      | HP: 2/42 [gnoll/+3 whip (3)]
  7788 | D:6      | Slain by a black bear

Illustrated notes

Levels and vault maps discovered:
D:1:      wheals_arrival_linesprint, layout_basic,
          hellmonk_ecumenical_altar_crossroads, kennysheep_nondescript
D:2:      minmay_wonky_spiral, layout_rooms, minmay_snake_closets
D:3:      layout_loops_corners, gammafunk_temple_overflow_forgotten,
          minivault_25
D:4:      layout_layer_cave, portal_sewer_entry_d,
          minmay_fractal_squares_gapless_5, uniq_blork_the_orc
D:5:      layout_rooms
D:6:      layout_cave_pods, hangedman_ru_absence, serial_shops,
          nicolae_shop_competitors_out_of_business
D:7:      layout_rooms, overflow_temple_1_default, temple_pool_b,
          enter_bailey_5, serial_park_tiny_pond, minmay_three_doors, uniq_maggie

Skill      XL: |  1  2  3  4  5  6  7  8 |
---------------+-------------------------+-----
Short Blades   | 4 5 6 7 8 |  8.1
Stealth        | 4 5 6 7 8 |  8.4
Dodging        | 5 6 7 |  7.7
Fighting       | 3 4 |  4.3

Action                   |  1- 3 |  4- 6 |  7- 9 || total
-------------------------+-------+-------+-------++-------
Melee: Short sword       |    86 |   238 |   135 ||   459
       Kick              |     5 |    42 |    44 ||    91
Invok: Stomp             |       |       |     1 ||     1
  Use: Scroll            |    11 |     1 |     7 ||    19
       Potion            |     1 |       |     4 ||     5
 Stab: Sleeping          |    10 |     6 |     5 ||    21
       Paralysed         |     1 |     2 |     3 ||     6
Armor: Robe              |     9 |    34 |    14 ||    57
Dodge: Dodged            |    74 |   171 |   114 ||   359

Table legend: (Time is in decaauts)
 A = Elapsed time spent in this place.
 B = Non-inter-level travel time spent in this place.
 C = Inter-level travel time spent in this place.
 D = Time resting spent in this place.
 E = Time spent auto-exploring this place.
 F = Levels seen in this place.
 G = Mean time per level.
                   A        B        C        D        E       F      G
               +--------+--------+--------+--------+--------+-----+--------+
         Total |   5903 |   5849 |     54 |      0 |   4554 |   8 |  737.9 |
       Dungeon |   4656 |   4602 |     54 |      0 |   3676 |   7 |  665.1 |
         Sewer |   1246 |   1246 |      0 |      0 |    877 |   1 | 1246.0 |
               +--------+--------+--------+--------+--------+-----+--------+

Top non-repeatable levels by time:
     D:4: 1447 daAuts
   Sewer: 1246 daAuts
     D:1: 910 daAuts
     D:2: 809 daAuts
     D:3: 661 daAuts
     D:5: 501 daAuts
     D:7: 220 daAuts
     D:6: 105 daAuts
